Map: Troizinia LE

Players

Callahan - Winner!

  • Race: Terran Terran
  • Spawn Location: 5:00

RolfDieter - Winner!

  • Race: Protoss Protoss
  • Spawn Location: 5:00

flex - Winner!

  • Race: Protoss Protoss
  • Spawn Location: 6:00

holzi - Winner!

  • Race: Zerg Zerg
  • Spawn Location: 3:00

ChtiFlo

  • Race: Zerg Zerg
  • Spawn Location: 9:00

Damcraft

  • Race: Protoss Protoss
  • Spawn Location: 11:00

ChgarouSama

  • Race: Terran Terran
  • Spawn Location: 11:00

Franky

  • Race: Zerg Zerg
  • League: Gold
  • Spawn Location: 12:00

VOD

Have the link to the VOD?

Description

Time

  • Played on: May 6, 2020, 4:03 p.m.
  • Length: 21:13
Show
View Real Time Build Order
Export as new Build Order

Callahan Terran - Winner!

Build Orders: Liberator Opening 

Get SALT Encoding   

  12  0:01  SCV  
  13  0:13  SCV  
  14  0:18  Supply Depot  
  14  0:25  SCV  
  15  0:40  SCV  
  15  0:41  Barracks  
  16  0:49  Refinery  
  16  0:52  SCV  
  17  1:04  SCV  
  18  1:27  Orbital Command  
  18  1:30  Supply Depot  
  18  1:45  Command Center  
  18  1:53  Factory  
  18  1:56  SCV  
  18  2:00  Marine  
  20  2:06  Refinery  
  20  2:08  SCV  
  21  2:24  Marine  
  21  2:27  SCV  
  23  2:39  SCV, Starport  
  23  2:40  Factory Reactor  
  24  2:51  SCV  
  24  2:58  Barracks  
  25  2:59  Barracks  
  25  3:04  SCV  
  26  3:05  Orbital Command  
  26  3:25  Liberator  
  29  3:28  Factory Tech Lab  
  29  3:35  Barracks Tech Lab  
  29  3:38  SCV x2  
  31  3:44  Refinery  
  31  3:49  Liberator  
  31  3:50  SCV x2  
  31  3:52  Barracks Reactor  
  36  4:00  Supply Depot  
  36  4:02  SCV x2  
  38  4:11  Barracks Reactor  
  38  4:14  SCV  
  39  4:22  SCV  
  40  4:26  SCV  
  40  4:28  Refinery  
  40  4:30  Refinery  
  41  4:33  Marine x3  
  41  4:34  SCV  
  45  4:38  SCV  
  46  4:46  SCV  
  46  4:48  Marine x2  
  46  4:50  Marine  
  46  4:51  Marine x2  
  52  5:06  Marine x2  
  54  5:14  Supply Depot x2  
  54  5:15  Supply Depot  
  54  5:35  Marine x5, Siege Tank  
  56  5:43  Medivac x2  
  56  5:46  Supply Depot  
  56  5:47  Supply Depot  
  60  5:51  Engineering Bay x2, Stimpack  
  60  5:53  Marine x5  
  60  5:56  SCV x2  
  67  6:07  Siege Tank  
  67  6:08  SCV x2  
  67  6:10  Marine x3  
  75  6:19  Missile Turret  
  75  6:23  Missile Turret  
  75  6:24  Missile Turret x2  
  75  6:28  SCV  
  75  6:29  SCV  
  77  6:40  SCV  
  77  6:41  SCV  
  79  6:51  Marine x5  
  79  6:53  SCV x2, Siege Tank  
  89  6:54  Medivac  
  91  7:05  Medivac  
  93  7:09  Marine  
  94  7:18  Marine x3  
  94  7:22  Marine  
  94  7:27  Marine  
  91  7:31  Combat Shield  
  91  7:36  Marine x3  
  82  7:40  Marine, Siege Tank  
  82  7:41  Medivac  
  88  7:44  Marine  
  88  7:48  Terran Infantry Weapons Level 1, Terran Infantry Armor Level 1  
  89  7:54  Marine x3  
  89  7:56  SCV x2  
  94  8:11  Marine  
  94  8:28  Marine  
  94  8:30  Marine x2  
  94  8:31  Marine  
  94  8:49  Marine x2  
  94  8:50  SCV  
  94  8:55  Marine  
  94  8:56  SCV  
  94  8:57  Siege Tank  
  94  9:18  Supply Depot  
  94  9:19  Supply Depot  
  94  9:21  Supply Depot  
  94  9:23  Supply Depot  
  94  9:24  Supply Depot  
  94  9:30  Barracks x2  
  94  9:34  Armory  
  94  9:39  Command Center  
  94  9:40  Medivac x2, Marine x5, Siege Tank  
  94  9:41  SCV x2  
  108  9:53  SCV x2  
  108  9:57  Supply Depot, Marine  
  108  9:58  Supply Depot, Marine x4  
  108  9:59  Supply Depot  
  115  10:01  Supply Depot  
  115  10:05  SCV x2  
  117  10:10  Viking, Medivac  
  117  10:12  Siege Tank  
  124  10:15  Marine  
  124  10:16  Marine x4  
  120  10:51  Marine x2  
  120  10:52  Marine x5  
  120  10:54  Viking  
  114  11:09  Marine x6  
  114  11:10  Marine  
  92  11:27  Marine  
  92  11:32  Terran Infantry Armor Level 2, Terran Infantry Weapons Level 2  
  93  11:34  Terran Ship Weapons Level 1  
  93  11:37  Viking  
  93  11:38  Viking  
  97  11:41  Barracks Reactor x2  
  97  11:47  SCV  
  97  11:48  SCV  
  99  12:00  SCV  
  100  12:04  Missile Turret  
  100  12:06  Missile Turret  
  100  12:07  Viking  
  102  12:18  Planetary Fortress  
  102  12:20  SCV  
  103  12:23  SCV  
  104  12:33  SCV, Starport, Marine x3  
  104  12:34  Marine x5  
  104  12:35  SCV, Marine, Starport  
  115  12:41  Thor  
  121  12:44  Viking  
  121  12:45  SCV  
  121  12:46  Viking  
  121  12:47  SCV  
  127  12:57  SCV  
  128  13:01  SCV x2  
  130  13:08  Refinery  
  130  13:09  SCV  
  130  13:10  Refinery  
  131  13:13  SCV x2  
  133  13:20  Marine x2  
  133  13:21  SCV, Marine x7  
  133  13:23  Viking x2  
  133  13:24  Viking x2  
  133  13:25  SCV x2  
  153  13:38  Marine x4  
  157  13:42  Terran Ship Weapons Level 2  
  157  13:53  Viking x2  
  157  13:54  Marine x2  
  157  13:55  Marine x3  
  166  13:56  Marine x3  
  166  13:57  Viking x2  
  162  14:23  Viking x2  
  155  14:27  Viking  
  155  14:29  Marine x6  
  155  14:30  Marine x3  
  160  14:32  Viking  
  162  14:47  Marine x7  
  164  14:53  Viking x2  
  164  14:57  Marauder  
  164  14:58  Siege Tank  
  151  15:18  Marauder  
  153  15:25  Command Center  
  153  15:30  Siege Tank  
  156  15:39  Marauder  
  157  16:01  Marauder  
  157  16:04  Marine x7  
  156  16:05  Marine  
  156  16:07  Siege Tank  
  147  16:21  Marine  
  147  16:22  Marauder, Marine x7  
  149  16:39  Marine, Siege Tank  
  153  16:40  Marine x3  
  156  16:47  Marine x5  
  156  16:54  Liberator x4  
  164  16:57  Marine  
  164  16:58  Marine x3  
  177  17:06  Marauder  
  179  17:23  Terran Infantry Weapons Level 3, Terran Infantry Armor Level 3  
  179  17:25  Terran Ship Weapons Level 3  
  179  17:27  Marauder  
  181  17:36  Liberator  
  181  17:37  Viking, Liberator  
  184  17:39  Liberator  
  192  17:45  Planetary Fortress  
  192  17:49  Marauder  
  194  18:10  Marauder  
  196  18:15  Missile Turret  
  196  18:16  Refinery  
  196  18:18  Refinery, Missile Turret  
  189  18:53  Marine  
  189  18:54  Marine x8  
  189  18:56  Liberator x2  
  188  19:13  Marine x2  
  188  19:14  Marine x4  
  188  19:15  Marine x2  
  188  19:16  Liberator  
  179  19:17  Liberator  
  159  19:39  Liberator x2  
  165  19:47  Marine x9  
  171  20:00  Liberator  
  171  20:04  Marine  
  171  20:05  Marine x8  
  181  20:46  Orbital Command  
  181  20:47  Marine x2  
  181  20:55  Marine  
Show
View Real Time Build Order
Export as new Build Order

RolfDieter Protoss - Winner!

Build Orders:  

Get SALT Encoding   

  12  0:01  Probe  
  13  0:13  Probe  
  14  0:18  Pylon  
  14  0:25  Probe (Chrono Boost)  
  15  0:37  Probe (Chrono Boost)  
  16  0:45  Probe (Chrono Boost)  
  16  0:47  Gateway  
  17  0:51  Probe  
  18  0:57  Assimilator  
  18  1:03  Probe  
  19  1:15  Probe  
  20  1:27  Probe, Gateway  
  22  1:40  Probe  
  22  1:48  Cybernetics Core  
  22  1:49  Pylon  
  22  1:52  Probe  
  23  1:54  Pylon  
  23  2:07  Probe (Chrono Boost)  
  24  2:18  Warp Gate (Chrono Boost)  
  24  2:20  Probe (Chrono Boost)  
  24  2:22  Pylon  
  24  2:28  Probe (Chrono Boost)  
  25  2:34  Probe  
  25  2:35  Gateway  
  26  2:38  Pylon  
  26  2:46  Probe  
  26  2:47  Gateway  
  27  2:52  Assimilator  
  27  2:58  Probe  
  28  3:10  Probe  
  29  3:15  Stalker  
  29  3:16  Stalker  
  33  3:22  Probe  
  33  3:24  Stalker  
  36  3:34  Probe  
  36  3:38  Pylon  
  37  3:46  Probe  
  38  3:48  Pylon  
  37  3:58  Probe, Stalker x3  
  44  4:04  Stalker  
  46  4:11  Probe  
  46  4:15  Forge  
  47  4:23  Probe  
  48  4:24  Stalker  
  48  4:26  Stalker  
  52  4:35  Probe  
  51  4:47  Probe  
  51  4:52  Stalker x4  
  48  5:20  Nexus  
  48  5:23  Pylon  
  48  5:26  Stalker  
  50  5:29  Zealot  
  50  5:41  Stalker x2  
  54  5:45  Probe  
  55  5:56  Stalker  
  57  5:59  Sentry  
  49  6:24  Stalker x4  
  49  6:29  Probe  
  50  6:37  Probe  
  51  6:41  Probe  
  52  6:47  Stalker  
  52  6:48  Stalker  
  52  6:49  Probe  
  52  6:52  Zealot  
  59  7:26  Stalker x4  
  61  7:45  Probe x2  
  61  7:49  Assimilator  
  63  7:52  Assimilator  
  63  7:53  Gateway  
  63  7:54  Stalker x2  
  63  7:55  Stalker x2  
  63  7:56  Gateway  
  63  7:57  Gateway  
  71  7:58  Gateway  
  51  8:29  Stalker x3  
  53  8:55  Twilight Council  
  53  8:57  Stalker  
  55  9:03  Probe x2  
  57  9:13  Zealot x4  
  57  9:14  Zealot x3  
  71  9:26  Probe x2  
  73  9:33  Dark Shrine  
  73  9:38  Probe  
  73  9:39  Probe  
  73  9:45  Zealot x6  
  81  9:49  Protoss Ground Weapons Level 1 (Chrono Boost)  
  81  9:51  Probe (Chrono Boost)  
  89  9:54  Probe (Chrono Boost)  
  89  10:02  Probe (Chrono Boost)  
  89  10:06  Probe (Chrono Boost)  
  91  10:07  Probe (Chrono Boost)  
  92  10:15  Probe  
  93  10:24  Stalker  
  93  10:27  Probe  
  94  10:30  Pylon  
  94  10:32  Pylon  
  90  10:35  Pylon  
  90  10:38  Pylon  
  74  11:02  Dark Templar  
  74  11:03  Dark Templar x7  
  72  11:28  Probe x2  
  74  11:40  Probe  
  75  11:52  Protoss Ground Armor Level 1 (Chrono Boost)  
  75  11:55  Nexus  
  75  11:56  Pylon  
  75  12:09  Probe x2  
  77  12:16  Pylon  
  77  12:17  Gateway  
  77  12:19  Gateway  
  77  12:20  Gateway  
  77  12:21  Probe  
  78  12:27  Stalker x2  
  78  12:28  Stalker x4, Gateway  
  84  12:53  Probe x2  
  84  12:56  Stalker  
  84  12:57  Stalker x5  
  99  13:05  Probe  
  97  13:21  Stalker x2  
  97  13:22  Stalker x4  
  97  13:23  Stalker x2  
  97  13:24  Stalker  
  113  13:38  Probe  
  113  13:39  Probe x2  
  113  13:40  Blink (Chrono Boost)  
  114  13:50  Protoss Ground Weapons Level 2 (Chrono Boost)  
  114  13:51  Probe x3  
  117  13:58  Assimilator  
  117  14:02  Assimilator  
  117  14:03  Probe x3  
  120  14:32  Nexus  
  120  14:34  Pylon  
  120  14:38  Stalker x5  
  126  14:49  Probe x2  
  120  15:08  Stalker x3  
  120  15:09  Stalker x3  
  132  15:28  Gateway  
  132  15:30  Gateway  
  132  15:33  Gateway  
  132  15:35  Pylon  
  132  15:40  Stalker  
  132  15:41  Stalker x3  
  88  16:17  Stalker  
  88  16:18  Stalker x6  
  96  16:19  Stalker x3  
  106  16:46  Stalker x2  
  106  16:47  Stalker x7  
  114  16:48  Stalker x3  
  110  17:05  Protoss Ground Armor Level 2 (Chrono Boost)  
  108  17:19  Charge  
  108  17:30  Stalker x2  
  108  17:31  Stalker x5  
  108  17:32  Stalker x4  
  108  17:33  Stalker x2  
  134  17:42  Pylon  
  134  17:44  Assimilator  
  134  17:46  Assimilator  
  134  17:47  Photon Cannon  
  134  17:50  Photon Cannon  
  134  18:07  Stalker x3  
  134  18:08  Stalker x5  
  134  18:09  Stalker  
  100  18:45  Stalker x4  
  100  18:46  Stalker x4  
  100  18:47  Stalker x5  
  126  19:11  Stalker x5  
  126  19:12  Stalker x5  
  142  19:52  Stalker x6  
  150  19:53  Stalker x3  
  150  19:54  Stalker x2  
  150  19:55  Stalker  
  162  20:07  Nexus  
  162  20:30  Probe x3  
  162  20:33  Probe  
  166  20:38  Pylon  
  166  20:42  Probe, Pylon  
Show
View Real Time Build Order
Export as new Build Order

flex Protoss - Winner!

Build Orders:  

Get SALT Encoding   

  12  0:03  Probe  
  13  0:15  Probe  
  13  0:19  Pylon  
  14  0:27  Probe  
  15  0:39  Gateway  
  15  0:41  Probe  
  16  0:53  Probe  
  17  1:03  Assimilator  
  17  1:06  Assimilator  
  17  1:12  Pylon  
  17  1:26  Pylon  
  17  1:32  Cybernetics Core, Zealot  
  19  1:43  Probe  
  20  1:55  Probe  
  20  2:00  Zealot  
  23  2:07  Probe  
  24  2:19  Probe  
  25  2:25  Twilight Council  
  25  2:27  Zealot  
  27  2:47  Probe  
  28  2:54  Zealot  
  30  2:59  Probe  
  31  3:09  Nexus  
  31  3:11  Probe  
  32  3:21  Zealot  
  32  3:23  Pylon x2  
  32  3:24  Probe  
  35  3:36  Probe  
  35  3:39  Assimilator  
  36  3:48  Probe  
  37  3:57  Pylon  
  37  4:00  Probe  
  37  4:02  Pylon  
  38  4:03  Zealot  
  38  4:06  Forge  
  40  4:15  Charge (Chrono Boost)  
  41  4:24  Probe x2  
  42  4:36  Probe x2  
  44  4:42  Assimilator  
  42  4:48  Probe  
  35  5:08  Stalker  
  35  5:13  Probe x2  
  37  5:25  Probe x2, Photon Cannon  
  39  5:34  Pylon  
  39  5:37  Probe x2, Pylon  
  39  5:38  Stalker  
  43  5:49  Probe x2, Shield Battery  
  45  5:50  Shield Battery  
  45  6:00  Shield Battery  
  45  6:07  Photon Cannon  
  45  6:08  Stalker  
  47  6:16  Warp Gate  
  47  6:17  Protoss Ground Weapons Level 1  
  47  6:21  Gateway  
  47  6:23  Gateway  
  47  6:25  Blink  
  47  6:26  Gateway  
  47  6:38  Stalker  
  49  6:52  Pylon  
  49  6:56  Pylon  
  49  6:59  Pylon  
  49  7:04  Pylon  
  49  7:08  Sentry  
  51  7:11  Photon Cannon  
  51  7:13  Photon Cannon  
  45  7:32  Zealot x3  
  45  7:34  Sentry  
  51  7:42  Probe x2  
  53  7:54  Probe x2  
  53  7:59  Zealot x2  
  53  8:00  Zealot x2  
  53  8:02  Stargate  
  53  8:03  Stargate  
  61  8:06  Stargate  
  61  8:26  Stalker x3  
  67  8:27  Stalker  
  59  8:44  Gateway  
  59  8:47  Gateway  
  52  9:05  Fleet Beacon  
  52  9:11  Templar Archives  
  52  9:13  Phoenix x3  
  58  9:38  Phoenix x3  
  64  10:01  Pylon x2  
  64  10:03  Phoenix  
  64  10:05  Pylon  
  66  10:07  Phoenix x2  
  70  10:28  Phoenix  
  71  10:32  Tempest, Phoenix  
  72  10:43  High Templar  
  72  10:44  High Templar x5  
  72  10:48  Psionic Storm  
  82  10:51  Anion Pulse-Crystals  
  82  10:53  Phoenix  
  74  11:00  Archon  
  74  11:01  Archon x2  
  66  11:08  Tempest  
  67  12:05  Nexus  
  67  12:06  Tempest x3  
  82  12:08  Pylon  
  82  12:12  Pylon  
  82  12:15  Pylon  
  82  12:18  Pylon  
  82  12:22  Pylon  
  82  12:25  Pylon  
  82  12:26  Assimilator  
  82  12:27  Pylon  
  82  12:30  Assimilator  
  82  12:32  Pylon  
  82  12:33  Photon Cannon  
  82  12:35  Protoss Ground Weapons Level 2  
  82  12:47  Protoss Air Weapons Level 1  
  82  12:57  High Templar x3  
  88  13:17  Tempest  
  93  13:28  Probe  
  94  13:40  Probe  
  95  13:46  Probe x2  
  97  13:53  Probe  
  98  13:58  Probe x2  
  100  14:05  Probe  
  101  14:10  Probe  
  103  14:17  Probe  
  103  14:18  Archon  
  63  15:19  Tempest x2  
  63  15:20  Tempest  
  68  15:37  Shield Battery  
  68  15:39  Shield Battery  
  68  15:42  Shield Battery  
  68  15:44  Shield Battery  
  68  15:46  Photon Cannon  
  68  15:47  Photon Cannon  
  68  15:51  High Templar x3  
  68  15:54  Zealot x3, Photon Cannon  
  80  16:00  Photon Cannon  
  80  16:02  Tempest x3  
  95  16:07  Gateway  
  95  16:09  Gateway  
  95  16:12  Gateway  
  95  16:31  Archon  
  95  16:36  High Templar x2  
  95  16:37  High Templar x2  
  103  16:43  Archon x2  
  103  16:45  Tempest x2  
  113  16:50  Pylon  
  113  16:57  Pylon  
  113  17:05  Zealot x4  
  113  17:06  Zealot  
  123  17:14  Probe  
  124  17:21  Photon Cannon  
  124  17:23  Photon Cannon  
  124  17:26  Probe  
  125  17:36  Nexus  
  125  17:38  Probe  
  125  17:43  Assimilator  
  126  17:46  Assimilator  
  126  17:50  Probe, Pylon  
  127  17:52  Protoss Ground Weapons Level 3 (Chrono Boost)  
  127  18:02  Probe  
  128  18:08  Protoss Air Weapons Level 2  
  128  18:15  Sentry x4  
  128  18:16  Sentry  
  138  18:33  Shield Battery  
  138  18:34  Shield Battery  
  138  18:36  Shield Battery  
  138  18:39  Photon Cannon  
  138  18:42  Photon Cannon  
  138  19:09  Probe x2  
  140  19:10  Probe x2  
  138  19:24  Tempest x3  
  129  19:37  High Templar  
  129  19:38  High Templar x2  
  113  19:47  Archon  
  111  20:07  Tempest  
  116  20:23  Zealot x6  
  116  20:24  Zealot x3  
Show
View Real Time Build Order
Export as new Build Order

holzi Zerg - Winner!

Build Orders: Pool First 

Get SALT Encoding   

  12  0:01  Drone  
  13  0:13  Overlord  
  13  0:17  Drone  
  14  0:33  Drone x2  
  16  0:44  Drone  
  17  0:54  Spawning Pool, Drone  
  17  1:00  Extractor  
  16  1:04  Drone  
  17  1:12  Drone  
  18  1:21  Drone  
  19  1:26  Hatchery  
  19  1:30  Drone  
  19  1:43  Zergling x2  
  19  1:44  Queen  
  22  1:53  Overlord  
  22  2:12  Zergling x2  
  22  2:13  Drone  
  24  2:21  Metabolic Boost  
  24  2:26  Queen  
  24  2:28  Zergling x2  
  27  2:33  Evolution Chamber  
  27  2:34  Drone  
  27  2:43  Drone  
  28  2:44  Drone  
  29  2:55  Zergling x2  
  29  2:56  Zergling x2  
  31  3:00  Zerg Melee Weapons Level 1  
  31  3:02  Zergling x2  
  32  3:10  Overlord  
  32  3:13  Zergling x6  
  35  3:20  Zergling x2  
  36  3:28  Overlord  
  36  3:32  Overlord  
  36  3:39  Zergling x6  
  36  3:40  Zergling x2  
  40  3:46  Roach Warren  
  40  3:47  Drone  
  40  3:50  Drone x2  
  42  4:00  Zergling x6  
  45  4:08  Zergling x4  
  45  4:09  Zergling x4  
  49  4:21  Drone x4  
  45  4:49  Roach  
  45  4:50  Overlord, Roach x4  
  45  4:51  Overlord  
  45  4:52  Zergling x4  
  46  5:16  Drone  
  46  5:17  Drone x4  
  50  5:24  Lair  
  50  5:31  Roach x2  
  50  5:32  Overlord  
  54  5:59  Drone  
  54  6:00  Drone  
  56  6:06  Zerg Missile Weapons Level 1  
  56  6:07  Zergling x4  
  56  6:08  Zergling x2, Roach  
  56  6:09  Roach x2  
  65  6:33  Glial Reconstitution  
  65  6:46  Extractor  
  64  6:47  Extractor  
  64  6:48  Drone x4  
  64  6:49  Drone x2  
  69  6:56  Extractor  
  69  6:57  Drone x3  
  71  7:01  Overlord  
  71  7:02  Overlord  
  71  7:19  Drone x2  
  68  7:42  Pneumatized Carapace  
  47  7:59  Zerg Melee Weapons Level 2  
  47  8:01  Roach x5  
  57  8:08  Overlord x3  
  57  8:23  Infestation Pit  
  60  8:34  Roach x5  
  60  8:35  Roach  
  58  9:13  Roach x3  
  64  9:19  Hive  
  64  9:24  Spire  
  63  9:30  Zergling x10  
  68  9:31  Overlord x2  
  68  9:32  Overlord  
  68  9:45  Overseer x2  
  68  9:56  Roach x2  
  68  9:57  Roach  
  51  10:36  Greater Spire, Corruptor  
  51  10:37  Corruptor x7  
  51  10:38  Corruptor  
  51  10:39  Overlord x2  
  69  10:48  Hatchery  
  68  10:55  Corruptor  
  68  10:56  Corruptor  
  68  11:04  Corruptor  
  68  11:12  Corruptor  
  70  11:36  Corruptor x2  
  70  11:37  Corruptor  
  76  12:01  Queen  
  76  12:03  Extractor, Corruptor x3  
  76  12:04  Extractor  
  82  12:18  Zerg Flyer Weapons Level 1  
  82  12:28  Corruptor  
  82  12:29  Drone x3  
  88  12:30  Drone  
  88  12:44  Drone x3  
  88  12:46  Drone x3  
  88  12:48  Overlord x3  
  94  12:58  Corruptor x5  
  104  13:10  Brood Lord  
  106  13:17  Corruptor  
  106  13:18  Corruptor  
  110  13:33  Drone x3  
  113  13:43  Corruptor x4  
  121  13:55  Brood Lord  
  123  14:00  Brood Lord  
  125  14:09  Brood Lord x2  
  129  14:13  Overlord x3  
  129  14:17  Zerg Flyer Armor Level 1  
  101  15:23  Corruptor x3  
  101  15:27  Brood Lord x3  
  101  15:28  Brood Lord  
  83  16:05  Brood Lord x4  
  78  17:13  Brood Lord x3  
  78  17:14  Corruptor  
  83  17:25  Hatchery  
  77  19:57  Brood Lord x4  
  77  19:58  Brood Lord  
Show
View Real Time Build Order
Export as new Build Order

ChtiFlo Zerg 

Build Orders: Pool First 

Get SALT Encoding   

  12  0:03  Drone  
  13  0:13  Overlord  
  13  0:21  Drone  
  14  0:38  Spawning Pool, Drone  
  14  0:48  Drone x2  
  16  0:57  Drone  
  17  1:21  Drone x2  
  17  1:23  Hatchery  
  18  1:29  Extractor  
  17  1:34  Queen  
  17  1:37  Drone  
  20  1:41  Overlord  
  20  1:48  Drone  
  21  1:58  Drone  
  22  2:04  Roach Warren  
  22  2:05  Drone  
  22  2:16  Drone  
  23  2:24  Extractor  
  22  2:35  Drone  
  22  2:36  Queen  
  25  2:47  Roach x2  
  25  2:48  Roach  
  31  2:59  Lair  
  31  3:02  Drone x3  
  34  3:12  Roach  
  36  3:15  Overlord x2  
  36  3:26  Evolution Chamber  
  35  3:30  Evolution Chamber, Drone  
  35  3:31  Drone  
  36  3:51  Roach x2  
  36  3:52  Roach, Drone  
  36  3:53  Drone  
  36  3:55  Drone  
  45  4:10  Hydralisk Den  
  45  4:11  Drone x2  
  45  4:12  Drone  
  47  4:20  Zerg Missile Weapons Level 1  
  47  4:26  Zerg Ground Armor Level 1  
  47  4:28  Drone x2  
  49  4:37  Roach  
  51  4:38  Overlord  
  49  5:00  Roach  
  49  5:01  Roach x4  
  57  5:10  Roach  
  59  5:52  Overlord x4  
  59  5:56  Grooved Spines  
  59  6:13  Hydralisk  
  59  6:14  Hydralisk x3  
  67  6:23  Hydralisk  
  69  6:33  Drone  
  69  6:34  Drone x4  
  69  6:39  Extractor  
  73  6:42  Extractor  
  73  6:43  Drone x4  
  76  7:00  Roach x3  
  82  7:06  Roach x2  
  82  7:07  Muscular Augments  
  84  7:09  Overlord x2  
  84  7:10  Overlord  
  82  7:22  Roach  
  84  7:35  Roach  
  84  7:36  Roach, Hydralisk  
  90  7:42  Zerg Missile Weapons Level 2  
  88  7:54  Drone x2  
  90  8:06  Zerg Ground Armor Level 2  
  90  8:11  Roach x3  
  90  8:14  Hatchery  
  81  8:20  Roach x2  
  83  8:44  Hydralisk x5  
  83  8:45  Hydralisk  
  89  9:02  Hydralisk x2  
  89  9:03  Hydralisk x2  
  97  9:13  Roach  
  99  9:17  Drone  
  99  9:18  Drone  
  101  9:27  Overlord  
  101  9:28  Queen  
  103  9:48  Hydralisk x3  
  103  9:50  Roach x2  
  103  9:51  Roach  
  115  9:54  Ravager x4  
  110  10:33  Roach x5, Hydralisk  
  104  11:05  Roach x2  
  104  11:06  Roach x2, Hydralisk x4  
  104  11:07  Hydralisk x2  
  89  11:25  Hydralisk x4  
  82  11:33  Infestation Pit  
  82  11:39  Queen  
  81  11:43  Hydralisk, Drone x3  
  81  11:44  Hydralisk  
  91  12:08  Drone x2  
  91  12:09  Drone x2  
  91  12:10  Drone x2  
  91  12:11  Hydralisk  
  91  12:15  Hydralisk  
  98  12:16  Hydralisk  
  102  12:23  Hive  
  102  12:27  Pneumatized Carapace  
  102  12:53  Drone x3  
  105  13:02  Extractor  
  105  13:04  Hydralisk x4, Extractor  
  102  13:11  Overseer x2  
  88  13:42  Drone x4  
  88  13:43  Drone x4  
  88  13:44  Drone  
  97  13:59  Zerg Missile Weapons Level 3  
  97  14:00  Zerg Ground Armor Level 3  
  97  14:02  Hydralisk x3  
  103  14:18  Hydralisk x3  
  107  14:43  Overseer  
  107  14:47  Hydralisk x2  
  107  14:48  Hydralisk  
  109  15:21  Hydralisk x3  
  113  15:29  Hydralisk  
  73  16:04  Hydralisk x3  
  63  16:17  Hydralisk  
  59  16:35  Hydralisk  
  53  16:43  Drone x4  
  53  16:44  Drone x4  
  57  17:02  Hydralisk  
  55  17:16  Hydralisk  
  57  17:30  Hydralisk  
  57  17:31  Hydralisk x2  
  61  17:40  Hydralisk  
  61  17:41  Hydralisk  
  65  17:47  Hydralisk  
  64  18:14  Hydralisk x4  
  64  18:15  Hydralisk x3  
  70  18:37  Hydralisk x4  
  70  18:38  Hydralisk  
  72  18:44  Hydralisk  
  74  19:02  Hydralisk x2  
  67  19:03  Hydralisk  
  70  19:15  Hydralisk x2  
  72  19:26  Hydralisk  
  56  19:54  Hydralisk x3  
Show
View Real Time Build Order
Export as new Build Order

Damcraft Protoss 

Build Orders: Carriers 

Get SALT Encoding   

  12  0:02  Probe  
  13  0:14  Probe  
  13  0:19  Pylon  
  14  0:26  Probe  
  15  0:38  Probe (Chrono Boost)  
  15  0:39  Gateway  
  17  0:50  Probe (Chrono Boost)  
  17  0:55  Probe (Chrono Boost)  
  18  0:58  Assimilator  
  18  1:05  Probe (Chrono Boost), Pylon  
  18  1:09  Assimilator  
  19  1:17  Probe (Chrono Boost)  
  20  1:23  Probe (Chrono Boost)  
  21  1:31  Probe  
  22  1:33  Cybernetics Core  
  22  1:43  Probe  
  23  2:11  Stargate  
  23  2:18  Forge  
  23  2:29  Nexus  
  23  2:34  Pylon  
  23  2:42  Probe (Chrono Boost)  
  25  2:52  Probe (Chrono Boost)  
  25  2:57  Probe (Chrono Boost)  
  25  2:59  Photon Cannon  
  25  3:01  Void Ray (Chrono Boost)  
  30  3:16  Photon Cannon  
  30  3:28  Pylon  
  30  3:38  Stargate  
  30  3:42  Probe (Chrono Boost)  
  32  3:52  Probe x2 (Chrono Boost)  
  33  3:57  Probe (Chrono Boost)  
  33  3:59  Probe, Void Ray  
  39  4:09  Pylon  
  39  4:14  Probe (Chrono Boost)  
  39  4:16  Probe (Chrono Boost)  
  41  4:22  Assimilator  
  43  4:24  Probe (Chrono Boost)  
  43  4:27  Probe (Chrono Boost)  
  43  4:29  Probe (Chrono Boost), Assimilator  
  44  4:38  Void Ray  
  48  5:17  Void Ray  
  51  5:41  Probe (Chrono Boost)  
  52  5:44  Void Ray  
  57  5:51  Probe (Chrono Boost)  
  57  5:55  Probe (Chrono Boost)  
  58  6:05  Fleet Beacon  
  54  6:37  Probe (Chrono Boost)  
  55  6:41  Probe (Chrono Boost)  
  57  6:47  Probe (Chrono Boost), Pylon  
  57  6:48  Pylon  
  57  6:49  Probe (Chrono Boost)  
  57  6:53  Probe (Chrono Boost)  
  57  6:54  Probe (Chrono Boost), Stargate  
  59  6:59  Stargate  
  59  7:00  Carrier  
  66  8:00  Carrier x2  
  66  8:01  Carrier  
  84  8:50  Carrier  
  86  9:27  Pylon x2  
  86  9:29  Pylon x2  
  86  9:31  Pylon  
  86  9:34  Pylon  
  86  9:40  Cybernetics Core  
  86  9:43  Protoss Air Weapons Level 1  
  86  9:45  Carrier  
  92  9:51  Carrier x2  
  104  10:04  Carrier  
  110  10:08  Nexus  
  110  10:49  Carrier  
  116  10:58  Carrier  
  122  11:07  Assimilator  
  122  11:11  Assimilator  
  122  11:12  Pylon  
  122  11:16  Pylon  
  110  11:20  Pylon  
  110  11:24  Pylon  
  98  11:28  Pylon  
  86  11:41  Carrier x2  
  98  11:58  Photon Cannon  
  98  11:59  Photon Cannon  
  98  12:01  Photon Cannon  
  98  12:03  Photon Cannon  
  98  12:04  Carrier  
  98  12:05  Photon Cannon  
  98  12:07  Photon Cannon  
  104  12:09  Photon Cannon  
  104  12:11  Photon Cannon  
  104  12:51  Photon Cannon  
  104  12:52  Photon Cannon  
  104  12:54  Photon Cannon  
  104  12:56  Carrier x2  
  104  12:57  Photon Cannon  
  104  12:58  Photon Cannon  
  116  13:00  Probe (Chrono Boost)  
  116  13:02  Photon Cannon  
  117  13:10  Probe (Chrono Boost)  
  118  13:15  Probe (Chrono Boost)  
  119  13:25  Carrier x2  
  131  13:53  Robotics Facility  
  131  13:57  Pylon  
  131  14:00  Pylon  
  137  14:02  Carrier  
  89  14:46  Carrier  
  89  14:47  Carrier x2  
  83  15:30  Carrier  
  77  16:06  Nexus  
  77  16:41  Pylon  
  77  16:43  Pylon  
  77  16:47  Pylon  
  77  16:48  Carrier  
  77  16:51  Pylon  
  83  16:54  Pylon  
  83  17:19  Photon Cannon  
  83  17:21  Photon Cannon  
  83  17:23  Photon Cannon  
  83  17:24  Photon Cannon  
  83  17:27  Photon Cannon  
  83  17:28  Carrier  
  89  17:47  Photon Cannon  
  89  17:53  Assimilator  
  89  17:57  Assimilator  
  89  17:59  Carrier  
  89  18:03  Photon Cannon  
  95  18:15  Carrier  
Show
View Real Time Build Order
Export as new Build Order

ChgarouSama Terran 

Build Orders:  

Get SALT Encoding   

  12  0:05  SCV  
  13  0:17  SCV  
  14  0:29  SCV, Supply Depot  
  15  0:42  Refinery  
  15  0:50  SCV  
  15  0:52  Barracks  
  16  1:02  SCV  
  17  1:04  Supply Depot  
  17  1:15  SCV  
  18  1:27  SCV  
  19  1:39  SCV  
  20  1:49  Command Center, Marine  
  21  1:57  Orbital Command  
  21  2:12  Refinery  
  21  2:21  Barracks Tech Lab  
  21  2:32  Factory  
  21  2:41  SCV, Barracks  
  22  2:49  Marine  
  23  2:52  Stimpack  
  23  2:53  SCV  
  24  3:03  SCV, Refinery  
  25  3:07  Marine  
  26  3:15  SCV  
  26  3:16  Factory Tech Lab  
  27  3:23  Barracks  
  27  3:27  SCV  
  27  3:32  SCV, Supply Depot  
  29  3:40  SCV  
  30  3:44  SCV, Siege Tank  
  34  3:49  Barracks Reactor  
  34  3:52  SCV  
  35  3:56  SCV  
  35  4:01  Starport  
  36  4:08  SCV x2  
  38  4:17  Barracks Reactor  
  38  4:20  SCV x2  
  38  4:22  Factory  
  41  4:26  Marine x3  
  43  4:32  SCV  
  44  4:43  Marine  
  44  4:44  Marine  
  40  4:56  Marine x3  
  40  4:58  Siege Tank  
  45  5:01  Marine x2  
  20  5:30  Siege Tank  
  23  5:46  SCV  
  24  5:58  SCV  
  24  6:01  Marine x3  
  24  6:02  Marine x2  
  30  6:10  SCV  
  31  6:19  Marine x2  
  31  6:20  Marine  
  31  6:21  Marine x2  
  31  6:22  SCV  
  31  6:24  Orbital Command  
  37  6:28  Factory Tech Lab  
  37  6:34  SCV  
  37  6:36  Supply Depot  
  37  6:37  Marine  
  39  6:46  SCV  
  40  6:47  Engineering Bay  
  40  6:49  Marine  
  41  6:54  SCV  
  41  6:58  SCV  
  43  7:06  SCV  
  44  7:10  SCV  
  45  7:22  SCV  
  42  7:47  Marine x2  
  42  7:48  Marine x3  
  47  8:04  Siege Tank x2  
  47  8:05  Marine x3  
  53  8:06  Marine x2  
  45  8:23  Marine x4  
  45  8:24  Marine  
  50  8:36  Siege Tank  
  50  8:41  Marine x2  
  53  8:44  Marine x2  
  53  8:45  Marine  
  58  8:49  Barracks  
  58  8:56  Terran Infantry Weapons Level 1  
  58  8:58  Barracks  
  58  8:59  SCV, Marine  
  60  9:06  SCV  
  61  9:11  SCV  
  62  9:19  Supply Depot  
  62  9:33  Starport Reactor  
  62  9:41  SCV x2, Supply Depot  
  64  9:47  Armory  
  64  9:51  Marauder  
  64  9:52  Engineering Bay  
  66  9:53  Barracks Tech Lab  
  66  9:54  Barracks Tech Lab  
  66  9:56  Marine x3  
  69  10:00  Marine  
  70  10:13  Marauder  
  70  10:14  Marine x3  
  72  10:18  Marine  
  76  10:29  Marine  
  76  10:34  Marauder  
  72  10:43  Marine x4  
  72  10:44  Marine  
  72  10:46  Marine  
  71  10:56  Marauder  
  73  11:01  Marine x5  
  78  11:08  Marine  
  78  11:10  Terran Infantry Weapons Level 2  
  76  11:12  Supply Depot  
  76  11:13  Terran Infantry Armor Level 1  
  76  11:15  SCV  
  76  11:16  Marine  
  63  11:19  Marine x3  
  63  11:22  Supply Depot  
  56  11:27  SCV, Supply Depot  
  48  11:39  SCV  
  45  11:44  Marine x3  
  45  11:45  Marine x4  
  50  11:51  SCV  
  51  12:02  Marine, Siege Tank  
  51  12:03  SCV, Marauder, Siege Tank  
  61  12:15  SCV  
  61  12:20  Refinery  
  59  12:27  SCV  
  58  12:37  Refinery  
  50  13:04  Marine x2  
  50  13:05  Marine x5  
  57  13:22  Marine x3  
  57  13:23  Marine x4  
  57  13:27  Orbital Command  
  64  13:39  Missile Turret  
  64  13:40  Marine x5  
  64  13:41  Marine x2  
  70  13:42  Missile Turret  
  71  13:49  Medivac  
  73  13:56  SCV  
  73  13:58  Marine x2  
  76  14:14  Marine x4  
  61  15:03  Marauder x3, Marine x3  
  61  15:04  Marine  
  71  15:10  SCV  
  72  15:22  SCV, Medivac  
  72  15:23  Medivac  
  72  15:28  Marine x4  
  78  15:34  SCV  
  82  15:46  SCV  
  83  15:52  Medivac  
  50  16:21  Marine x6  
  50  16:22  Marine  
  57  16:26  SCV  
  58  16:38  Marine x2  
  58  16:39  SCV, Marine  
  59  16:51  SCV  
  60  16:59  Command Center  
  60  17:03  SCV  
  61  17:11  Refinery  
  61  17:12  Marine x4  
  61  17:13  Marine x3  
  61  17:15  SCV  
  69  17:16  Missile Turret  
  69  17:30  Terran Infantry Weapons Level 3, Marine x6  
  69  17:31  Marine  
  69  17:36  Siege Tank  
  79  17:37  Siege Tank  
  82  17:48  Marine x7  
  89  17:52  Missile Turret  
  89  18:13  Marine x6  
  89  18:14  Marine  
  96  18:30  Marine  
  96  18:31  Marine x6  
  96  18:48  Marine x2  
  96  18:49  Marine x5  
  81  19:25  Marine x4  
  81  19:26  Marine x3  
  85  19:43  Marine x5  
  85  19:44  Marine x2  
  51  20:01  Marine x3  
  51  20:06  Siege Tank  
  60  20:07  Siege Tank  
  60  20:22  Marine x2  
  60  20:23  Marine x5  
  67  20:40  Marine x3  
  67  20:41  Orbital Command, Marine x4  
Show
View Real Time Build Order
Export as new Build Order

Franky Zerg 

Build Orders: Hatch First 

Get SALT Encoding   

  12  0:01  Drone  
  13  0:18  Overlord  
  13  0:20  Drone  
  14  0:36  Drone  
  14  0:37  Drone  
  16  1:00  Drone  
  16  1:01  Drone  
  18  1:04  Drone  
  18  1:06  Extractor  
  18  1:19  Hatchery  
  18  1:21  Drone  
  18  1:23  Drone  
  19  1:41  Spawning Pool  
  19  1:45  Drone  
  19  1:47  Drone  
  20  1:55  Overlord  
  20  2:12  Drone  
  21  2:31  Zergling x4  
  21  2:32  Zergling x2  
  21  2:33  Queen x2  
  28  2:51  Drone x3  
  30  2:55  Metabolic Boost  
  31  2:59  Drone  
  31  3:00  Overlord  
  32  3:13  Queen  
  32  3:19  Drone x3  
  37  3:42  Zergling x4  
  37  3:43  Zergling x4, Overlord, Hatchery  
  40  3:50  Drone  
  40  3:51  Drone  
  40  3:53  Zergling x4  
  44  4:02  Zergling x6  
  47  4:03  Zergling x4  
  49  4:17  Drone x2  
  49  4:21  Overlord x2  
  49  4:22  Overlord  
  51  4:26  Spore Crawler  
  32  4:53  Zergling x16  
  33  5:23  Zergling x4  
  33  5:24  Zergling x4  
  35  5:42  Drone  
  36  5:43  Queen, Drone x3  
  36  5:49  Lair  
  41  5:57  Drone  
  41  5:58  Drone  
  43  6:05  Evolution Chamber  
  43  6:06  Evolution Chamber  
  35  6:20  Zergling x16  
  42  6:29  Zergling x2  
  42  6:31  Queen  
  45  6:36  Queen  
  48  6:47  Drone x5  
  48  6:48  Drone x2  
  48  6:53  Infestation Pit  
  53  6:57  Queen  
  52  7:31  Zergling x2  
  52  7:32  Zergling x20  
  55  7:38  Zergling x4  
  55  7:39  Zergling x4  
  58  7:52  Drone x3  
  58  7:53  Drone  
  58  7:57  Extractor  
  61  7:59  Drone x2  
  61  8:01  Extractor  
  52  8:49  Drone  
  52  8:50  Drone x14  
  67  8:56  Hive  
  67  9:00  Spire  
  66  9:06  Zerg Melee Weapons Level 1, Zerg Ground Armor Level 1  
  66  9:43  Extractor  
  66  9:44  Extractor  
  64  9:46  Extractor  
  63  10:00  Spore Crawler  
  63  10:03  Spore Crawler  
  63  10:07  Zergling x24  
  73  10:27  Ultralisk Cavern  
  72  10:29  Adrenal Glands  
  67  10:48  Zergling x2  
  67  10:49  Zergling x12  
  74  10:50  Overlord  
  74  10:51  Overlord x9  
  74  11:11  Overlord  
  74  11:12  Overlord x2  
  74  11:14  Zergling x2, Viper x2  
  74  11:15  Viper x2  
  87  11:20  Chitinous Plating  
  87  11:37  Zergling x6  
  87  11:38  Zergling x18  
  99  12:02  Overseer x2  
  99  12:03  Overseer  
  99  12:38  Anabolic Synthesis  
  98  13:15  Pneumatized Carapace  
  98  13:19  Ultralisk  
  116  13:20  Ultralisk x3  
  116  13:21  Ultralisk  
  116  13:22  Ultralisk  
  116  13:25  Ultralisk  
  116  13:26  Overlord x3  
  140  13:27  Zergling x2  
  140  13:28  Zergling x18  
  150  13:35  Zerg Melee Weapons Level 2  
  150  13:41  Zerg Ground Armor Level 2  
  150  13:43  Zergling x2, Overlord x2  
  150  13:44  Zergling x2  
  152  13:57  Overseer  
  152  13:58  Overseer x2  
  141  14:35  Zergling x12  
  141  14:36  Zergling x2  
  108  15:32  Zergling x2  
  108  15:33  Zergling x36  
  104  16:34  Zergling x16  
  104  16:35  Zergling x8  
  82  17:02  Zergling x6  
  82  17:03  Zergling x6  
  79  17:11  Ultralisk x2  
  79  17:12  Ultralisk  
  97  17:37  Zerg Melee Weapons Level 3  
  97  17:38  Zerg Ground Armor Level 3  
  97  17:46  Ultralisk x7  
  97  17:47  Ultralisk x3  
  157  17:58  Hatchery  
  156  18:04  Extractor  
  155  18:06  Extractor  
  130  18:37  Zergling x12  
  130  18:38  Zergling x8  
  128  19:13  Zergling x2  
  128  19:14  Zergling x16  
  131  19:24  Zergling x2  
  92  20:07  Zergling x2  
  92  20:08  Zergling x16  
Tags
 
Add a new tag
Caveats
  • Supply blocks, unpowered buildings, or Contaminate may cause inaccurate times.
  • Supply counts are checked every 10 seconds.